 Dungeon Crawl Stone Soup version 0.24-a0-342-gad4687c37d (webtiles) character file.

Game seed: 15701118075326769111

33808 MachJacob the Zephyrmancer (level 13, -6/107 HPs)
             Began as a Yellow Draconian Air Elementalist on May 21, 2019.
             Was an Elder of Sif Muna.
             Mangled by a komodo dragon (30 damage)
             ... on level 5 of the Lair of Beasts.
             The game lasted 01:10:13 (26233 turns).

MachJacob the Zephyrmancer (DrAE)                  Turns: 26233, Time: 01:10:13

Health: -6/107     AC: 14    Str: 10    XL:     13   Next: 38%
Magic:  2/26       EV: 18    Int: 19    God:    Sif Muna [****..]
Gold:   1423       SH:  0    Dex: 14    Spells: 16/30 levels left

rFire    . . .     SeeInvis .   a - +1 dagger (venom)
rCold    . . .     Gourm    .   (no shield)
rNeg     . . .     Faith    .   (armour unavailable)
rPois    .         Spirit   .   (helmet restricted)
rElec    .         Reflect  .   O - +1 cloak
rCorr    +         Harm     .   v - +0 pair of gloves
MR       +....                  s - +2 pair of boots
Stlth    +++.......             r - amulet of regeneration
HPRegen  1.67/turn              M - ring of protection from magic
MPRegen  0.20/turn              L - ring of stealth

@: regenerating (expiring), divine energy
A: spit acid, unfitting armour, cold-blooded, acid resistance, AC +8
a: Breathe Acid, Stop Divine Energy, Channel Magic, Forget Spell, Renounce
Religion


You were on level 5 of the Lair of Beasts.
You worshipped Sif Muna.
Sif Muna was greatly pleased with you.
You were near starving.

You visited 3 branches of the dungeon, and saw 18 of its levels.
You also visited: Bailey.

You collected 1423 gold pieces.

Inventory:

Hand Weapons
 a - a +1 dagger of venom (weapon)
Missiles
 x - 7 curare-tipped darts {!f}
 G - a throwing net (quivered) {!f}
Armour
 s - a +2 pair of boots (worn)
 v - a +0 pair of gloves (worn)
 B - a +0 cloak
 O - a +1 cloak (worn)
Jewellery
 i - a +3 ring of strength
 m - an uncursed ring of protection from fire
 r - an amulet of regeneration (around neck)
 y - a cursed amulet of inaccuracy {unknown}
 F - a +3 ring of dexterity
 I - an uncursed ring of protection from fire
 J - an uncursed ring of flight
 L - a ring of stealth (right hand)
 M - a ring of protection from magic (left hand)
Wands
 n - a wand of disintegration (15)
 q - a wand of scattershot (4)
 w - a wand of iceblast (24)
 z - a wand of polymorph (19)
 N - a wand of random effects (12)
 T - a wand of paralysis (11)
Scrolls
 c - 4 scrolls of enchant weapon
 d - 9 scrolls of enchant armour
 e - 11 scrolls of teleportation
 g - 9 scrolls of remove curse
 l - 5 scrolls of amnesia
 u - 4 scrolls of fear
 K - 4 scrolls of fog
 Q - 5 scrolls of identify
 U - a scroll of vulnerability {unknown}
 V - a scroll of magic mapping
Potions
 f - a potion of resistance
 h - 5 potions of mutation
 j - a potion of invisibility
 k - 2 potions of agility
 o - a potion of might
 p - 6 potions of heal wounds
 t - 4 potions of curing
 A - 2 potions of lignification
 C - 3 potions of flight
 D - 2 potions of magic {unknown}
 E - 2 potions of brilliance
 H - 2 potions of berserk rage
 P - a potion of cancellation {unknown}
 R - a potion of ambrosia {unknown}
Comestibles
 b - 31 rations


   Skills:
 + Level 7.8 Fighting
 + Level 9.2 Dodging
 - Level 1.7 Stealth
 + Level 9.3 Spellcasting
 - Level 10.0 Conjurations
 - Level 5.1 Charms
 - Level 3.0 Necromancy
 - Level 10.0 Air Magic
 * Level 7.4 Invocations
 - Level 5.0 Evocations


You had 16 spell levels left.
You knew the following spells:

 Your Spells              Type           Power        Failure   Level  Hunger
a - Shock                 Conj/Air       ####         1%          1    None
b - Swiftness             Chrm/Air       #####...     1%          2    None
c - Static Discharge      Conj/Air       #####...     1%          3    None
d - Regeneration          Chrm/Necr      ###.......   4%          3    None
z - Lightning Bolt        Conj/Air       #####.....   3%          5    #####..

Your spell library contained the following spells:

 Spells                   Type           Power        Failure   Level  Hunger
 Infusion                 Chrm           ####         1%          1    None
 Song of Slaying          Chrm           ####....     1%          2    None
 Airstrike                Air            #####.....   1%          4    ###....
 Stone Arrow              Conj/Erth      ####..       3%          3    None
 Shroud of Golubria       Chrm/Tloc      ###.......   4%          2    None
 Sandblast                Erth           #.....       9%          1    None
 Summon Small Mammal      Summ           #...         9%          1    None
 Spectral Weapon          Hex/Chrm       ###.....     9%          3    None
 Summon Lightning Spire   Summ/Air       ####....     10%         4    ###....
 Call Imp                 Summ           #.......     12%         2    None
 Passwall                 Tmut/Erth      #.......     12%         2    None
 Call Canine Familiar     Summ           #.......     24%         3    None
 Summon Guardian Golem    Hex/Summ       #.......     24%         3    None
 Silence                  Hex/Air        ####......   28%         5    #####..
 Deflect Missiles         Chrm/Air       #####.....   50%         6    ######.
 Cause Fear               Hex            #.........   63%         4    ###....
 Petrify                  Tmut/Erth      #.......     63%         4    ###....
 Summon Ice Beast         Ice/Summ       #.......     63%         4    ###....
 Lee's Rapid Deconstruct  Erth           #.........   92%         5    #####..
 Yara's Violent Unravell  Hex/Tmut       #.........   92%         5    #####..
 Discord                  Hex            #.........   100%        8    #######


Dungeon Overview and Level Annotations

Branches:
Dungeon (11/15)            Temple (1/1) D:7            Lair (6/6) D:9
  Swamp (0/4) Lair:3        Snake (0/4) Lair:4
  Slime: Lair:5-6       Orc: D:9-12

Altars:
Ashenzari
Cheibriados
Dithmenos
Elyvilon
Fedhas
Gozag
Hepliaklqana
Kikubaaqudgha
Makhleb
Nemelex Xobeh
Okawaru
Qazlal
Ru
Sif Muna
Trog
Uskayaw
Vehumet
Wu Jian
Xom
Yredelemnul
Zin
The Shining One

Shops:
D:7 (   D:9 %   D:11 }

Annotations:
D:3 Ijyb
D:4 exclusion: ogre
D:5 Grinder
D:9 Joseph
D:11 exclusion: ugly thing
Lair:1 Nergalle
Lair:3 exclusion: 2 oklob plants
Lair:5 Snorg


Innate Abilities, Weirdness & Mutations

You can spit globs of acid.
Your golden yellow scales are hard. (AC +8)
You cannot fit into any form of body armour.
You are cold-blooded and may be slowed by cold attacks.
You are resistant to acid. (rCorr)


Message History

The komodo dragon bites you!
You hit the komodo dragon.
The komodo dragon looks as sick as possible!
The komodo dragon is severely wounded.
The komodo dragon barely misses you.
You hit the komodo dragon.
The komodo dragon looks as sick as possible!
The komodo dragon is severely wounded.
The komodo dragon barely misses you.
You hit the komodo dragon but do no damage.
The komodo dragon is severely wounded.
The komodo dragon bites you!!
You closely miss the komodo dragon.
The komodo dragon is severely wounded.
The komodo dragon bites you!!
* * * LOW HITPOINT WARNING * * *
The jelly quivers.
The komodo dragon hisses menacingly.
The komodo dragon bites you!!
You die...

..# #J...#..# . ## ...#
#.#..# . . .#
#.#####..#.## .
#.##.##.....#.....### .
.................#..###.
..P.........P.P#..#.##..
#.PP.................†#.
...................l..##
.......@l..............#
....#.##.............l##
. # #.#P...........#
####...^......>##
#...#.#.#.#.P#
##.########### ###


You could see a komodo dragon.

Vanquished Creatures
  Josephine (D:10)
  4 hydras
  Erica (Lair:2)
  A two-headed ogre (D:8)
  An unseen horror (D:11)
  Pikel (D:6)
  5 elephants
  A wolf spider zombie (D:11)
  A black mamba (Lair:4)
  A spiny frog (Lair:3)
  Psyche (D:9)
  2 centaur skeletons
  12 rime drakes
  3 komodo dragons
  2 trolls
  Prince Ribbit (D:9)
  7 dream sheep (Lair:3)
  4 hippogriffs
  11 blink frogs (Lair:4)
  6 wraiths (D:10)
  A spriggan (D:8)
  A shadow (D:11)
  3 wyverns
  17 yaks
  A vampire (D:10)
  2 hungry ghosts
  4 vampire mosquitoes (Lair:3)
  10 steam dragons
  An acid dragon (Lair:2)
  Duvessa (D:6)
  6 water moccasins
  7 porcupines
  2 eyes of draining
  4 ice beasts
  9 orc warriors
  3 sky beasts
  2 black bears (D:7)
  15 wolves
  A phantom (D:8)
  5 ogres
  2 centaurs
  7 crocodiles
  3 big kobolds
  13 bullfrogs
  4 scorpions
  Dowan (D:6)
  9 killer bees
  4 howler monkeys
  6 crimson imps
  2 bullfrog zombies
  4 hounds
  7 jellies
  5 orc priests
  3 bullfrog skeletons
  11 orc wizards
  5 iguanas
  8 worker ants
  2 hound zombies (D:5)
  A hound skeleton (D:8)
  Robin (D:4)
  6 gnolls
  19 adders
  A howler monkey skeleton (D:10)
  3 oozes
  3 adder skeletons
  2 worms (D:2)
  2 dart slugs
  6 leopard geckos
  60 orcs
  5 giant cockroaches
  41 goblins
  24 hobgoblins
  6 jackals
  47 kobolds
  5 quokkas
  2 ball pythons
  5 bats
  6 frilled lizards
  A jackal zombie (D:8)
  6 rats
  2 fungi
  3 plants
514 creatures vanquished.

Vanquished Creatures (others)
  A rime drake (Lair:2)
  20 fungi
  5 plants
26 creatures vanquished.

Grand Total: 540 creatures vanquished

Notes
Turn   | Place    | Note
-------+----------+-------------------------------------------
     0 | D:1      | MachJacob the Draconian Air Elementalist began the quest
                  | for the Orb.
     0 | D:1      | Reached XP level 1. HP: 14/14 MP: 3/3
   731 | D:1      | Reached XP level 2. HP: 20/20 MP: 0/5
  1020 | D:1      | Learned a level 2 spell: Swiftness
  1401 | D:2      | Reached XP level 3. HP: 26/26 MP: 2/6
  1425 | D:2      | Learned a level 3 spell: Static Discharge
  2490 | D:2      | Reached XP level 4. HP: 11/33 MP: 0/7
  3789 | D:3      | Noticed Ijyb
  3809 | D:3      | Found a stormy altar of Qazlal.
  3838 | D:3      | Reached XP level 5. HP: 38/38 MP: 3/8
  4122 | D:3      | Found a blossoming altar of Fedhas.
  4604 | D:4      | Noticed an ogre
  5194 | D:4      | Noticed Robin
  5205 | D:4      | Killed Robin
  5205 | D:4      | Reached XP level 6. HP: 45/45 MP: 1/10
  5541 | D:5      | Entered Level 5 of the Dungeon
  5950 | D:5      | Reached skill level 5 in Air Magic
  6311 | D:5      | Found Zocreaj's Magic Scroll Shoppe.
  6403 | D:5      | Your scales start taking on a golden yellow colour.
  6403 | D:5      | Reached XP level 7. HP: 50/50 MP: 1/12
  6403 | D:5      | Gained mutation: You are resistant to acid. (rCorr) [Yellow
                  | Draconian growth]
  6502 | D:5      | Noticed Grinder
  7526 | D:6      | Reached skill level 5 in Conjurations
  8071 | D:6      | Noticed Duvessa
  8071 | D:6      | Noticed Dowan
  8196 | D:6      | Noticed Pikel
  8322 | D:6      | Learned a level 5 spell: Lightning Bolt
  8426 | D:6      | Reached XP level 8. HP: 23/57 MP: 13/13
  9135 | D:6      | Killed Dowan
  9142 | D:6      | Killed Duvessa
  9483 | D:6      | Killed Pikel
  9739 | D:7      | Reached XP level 9. HP: 62/62 MP: 8/16
  9810 | D:7      | Found a shadowy altar of Dithmenos.
 10052 | D:7      | Found Duppio Zexu's Weapon Shoppe.
 10114 | D:7      | Reached skill level 5 in Spellcasting
 10231 | D:7      | Found a sparkling altar of Nemelex Xobeh.
 10231 | D:7      | Found an opulent altar of Gozag.
 10232 | D:7      | Found a shimmering altar of Xom.
 10232 | D:7      | Found a shattered altar of Ashenzari.
 10233 | D:7      | Found an ancient bone altar of Kikubaaqudgha.
 10233 | D:7      | Found a snail-covered altar of Cheibriados.
 10233 | D:7      | Found a sacrificial altar of Ru.
 10233 | D:7      | Found a glowing golden altar of the Shining One.
 10338 | D:7      | Found a staircase to the Ecumenical Temple.
 10433 | Temple   | Entered the Ecumenical Temple
 10655 | Temple   | Became a worshipper of Sif Muna the Loreminder
 10700 | D:7      | Reached skill level 5 in Dodging
 10968 | D:8      | Identified a scroll of acquirement
 11001 | D:8      | Noticed a two-headed ogre
 11673 | D:8      | Killed a two-headed ogre
 11673 | D:8      | Reached * piety under Sif Muna
 11673 | D:8      | Reached XP level 10. HP: 63/69 MP: 5/18
 12272 | D:9      | Noticed Joseph
 12509 | D:9      | Noticed Psyche
 12516 | D:9      | Killed Psyche
 12689 | D:9      | Reached ** piety under Sif Muna
 13356 | D:9      | Noticed Prince Ribbit
 13359 | D:9      | Killed Prince Ribbit
 13506 | D:9      | Found Jeisoleamm's Food Shop.
 13611 | D:10     | Entered Level 10 of the Dungeon
 13890 | D:10     | Reached skill level 10 in Air Magic
 13903 | D:10     | Noticed Josephine
 13942 | D:10     | Learned a level 3 spell: Regeneration
 13963 | D:10     | Killed Josephine
 13963 | D:10     | Reached skill level 1 in Fighting
 13963 | D:10     | Reached skill level 1 in Charms
 13963 | D:10     | Reached skill level 1 in Necromancy
 13970 | D:10     | Reached XP level 11. HP: 52/77 MP: 0/20
 14078 | D:10     | Found a flagged portal.
 14087 | D:10     | Reached *** piety under Sif Muna
 14096 | Bailey   | Entered a bailey
 14755 | D:10     | Reached skill level 10 in Conjurations
 16168 | D:11     | Found Peutan's Gadget Emporium.
 16197 | D:11     | Reached **** piety under Sif Muna
 16930 | D:11     | Killed an unseen horror
 17144 | D:11     | Noticed a red ugly thing
 18084 | D:9      | Found a staircase to the Lair.
 18092 | Lair:1   | Entered Level 1 of the Lair of Beasts
 18550 | Lair:1   | Noticed Nergalle
 18819 | Lair:1   | Reached skill level 1 in Evocations
 18978 | Lair:2   | Noticed Erica
 19040 | Lair:2   | Reached skill level 1 in Invocations
 19107 | Lair:2   | Killed Erica
 19107 | Lair:2   | Reached skill level 5 in Charms
 19611 | Lair:2   | Reached XP level 12. HP: 90/92 MP: 11/23
 19910 | Lair:2   | Noticed a five-headed hydra
 20622 | Lair:2   | Reached skill level 5 in Fighting
 21549 | Lair:2   | Reached skill level 5 in Evocations
 21822 | Lair:2   | Killed a five-headed hydra
 22626 | Lair:3   | Noticed a seven-headed hydra
 22634 | Lair:3   | Killed a seven-headed hydra
 22809 | Lair:3   | Reached skill level 5 in Invocations
 23021 | Lair:3   | Found a staircase to the Swamp.
 23831 | Lair:4   | Reached XP level 13. HP: 103/105 MP: 13/25
 24222 | Lair:4   | Found a staircase to the Snake Pit.
 25211 | Lair:5   | Noticed Snorg
 26182 | Lair:6   | Entered Level 6 of the Lair of Beasts
 26233 | Lair:5   | Mangled by a komodo dragon

Levels and vault maps discovered:
D:1:      evilmike_arrival_grusome_pit, layout_loops_ring, minmay_bisected
D:2:      kennysheep_six_static_rooms, layout_basic
D:3:      kennysheep_the_goblin_king, layout_basic, grunt_qazlal_clouds,
          lemuel_round_altar, first_ration
D:4:      layout_cave_pods, uniq_robin
D:5:      layout_loops_corners, serial_shops, shop_coins, uniq_grinder
D:6:      corexii_shantytown, layout_basic, minmay_misc_feat_five, uniq_duvessa,
          uniq_pikel
D:7:      layout_loops_ring, overflow_temple_1_default,
          grunt_temple_overflow_open, minmay_temple_entry_mini_moons,
          serial_shops, nicolae_shop_statue_plus, minmay_diced_spiral
D:8:      layout_basic, grunt_pizzeria
D:9:      layout_gridville, dpeg_oklobed_lair, serial_shops,
          nicolae_shop_crystal, uniq_psyche, uniq_joseph, uniq_prince_ribbit1
D:10:     layout_roguey, enter_bailey_7, uniq_josephine
D:11:     layout_gridville, serial_shops, kennysheep_mini_moat
Temple:   minmay_temple_curvy_loop
Lair:1:   layout_cave_shapes, infiniplex_staircase_pool_2, serial_bayou_shore_a,
          uniq_nergalle
Lair:2:   layout_loops_ring, bobbens_dragon_lair_wall, serial_bayou_shore_b,
          uniq_erica
Lair:3:   layout_roguey, minmay_swamp_entry_swarm,
          chequers_serial_rivers_small_3, minmay_lair_oklob_chamber
Lair:4:   layout_concentric_octagons, dummy_snake_entry, lemuel_fruit_fields
Lair:5:   beast_lair_carwin_large_3, layout_gridlike,
          minmay_slime_entry_jelly_boxes, uniq_snorg
Lair:6:   evilmike_catoblepas_cave, layout_regular_city, gammafunk_ghost_grave,
          portal_ice_cave_entry_ice_beasts

Skill      XL: |  1  2  3  4  5  6  7  8  9 10 11 12 13 |
---------------+----------------------------------------+-----
Dodging        | 2 3 4 5 6 7 8 9 |  9.2
Conjurations   | 2 3 4 5 6 8 9 10 | 10.0
Air Magic      | 4 5 6 7 8 10 | 10.0
Spellcasting   | 3 4 5 6 7 8 9 |  9.3
Fighting       | 1 4 7 |  7.8
Charms         | 1 5 |  5.1
Necromancy     | 1 3 |  3.0
Evocations     | 2 5 |  5.0
Invocations    | 1 5 7 |  7.4
Stealth        | |  1.7

Action                   |  1- 3 |  4- 6 |  7- 9 | 10-12 | 13-15 || total
-------------------------+-------+-------+-------+-------+-------++-------
Melee: Unarmed           |    13 |       |       |       |       ||    13
       Dagger            |    10 |    39 |    70 |   155 |    55 ||   329
       Tailslap          |     1 |     5 |     7 |    18 |     2 ||    33
 Cast: Shock             |    92 |   173 |   293 |   619 |    85 ||  1262
       Static Discharge  |       |     2 |     9 |   224 |    87 ||   322
       Swiftness         |       |     1 |     1 |     1 |       ||     3
       Lightning Bolt    |       |       |     4 |    19 |     8 ||    31
       Regeneration      |       |       |       |     1 |     4 ||     5
Invok: Divine Energy     |       |       |       |     1 |       ||     1
       Channel Magic     |       |       |       |       |     1 ||     1
 Abil: Breathe Acid      |       |       |    12 |    15 |     4 ||    31
Evoke: Wand              |       |       |       |       |     2 ||     2
  Use: Scroll            |       |    10 |     8 |     7 |     2 ||    27
 Stab: Sleeping          |       |       |     5 |     1 |       ||     6
  Eat: Chunk             |     6 |    13 |    19 |    38 |     5 ||    81
       Ration            |       |       |       |     4 |     1 ||     5
Armor: Skin              |    15 |    40 |    48 |   186 |    52 ||   341
Dodge: Dodged            |    40 |    48 |    84 |   411 |   165 ||   748

Table legend:
 A = Non-vault XP
 B = Vault XP
 C = Vault XP percentage of total XP
 D = Non-vault monster count
 E = Vault monster count
 F = Vault count percentage of total count
                 A         B        C        D         E       F
            +---------+---------+-------+---------+---------+-------
      Total |   32994 |   15304 |  31.7 |     361 |     149 |  29.2
            +---------+---------+-------+---------+---------+-------
        D:1 |      31 |       7 |  18.4 |      11 |       4 |  26.7
        D:2 |      88 |      25 |  22.1 |      32 |       6 |  15.8
        D:3 |      50 |      12 |  19.4 |      12 |       6 |  33.3
        D:4 |     155 |      35 |  18.4 |      13 |      11 |  45.8
        D:5 |     699 |       0 |   0.0 |      28 |       0 |   0.0
        D:6 |     572 |     963 |  62.7 |      16 |      38 |  70.4
        D:7 |    1374 |      54 |   3.8 |      33 |       2 |   5.7
        D:8 |    2046 |     211 |   9.3 |      30 |       1 |   3.2
        D:9 |    1750 |     678 |  27.9 |      20 |       2 |   9.1
       D:10 |    2430 |    2144 |  46.9 |      40 |      10 |  20.0
       D:11 |    4392 |       0 |   0.0 |      40 |       0 |   0.0
     Lair:1 |    1329 |       0 |   0.0 |       9 |       0 |   0.0
     Lair:2 |    3956 |    6739 |  63.0 |      20 |      22 |  52.4
     Lair:3 |    5535 |     967 |  14.9 |      22 |       6 |  21.4
     Lair:4 |    5909 |    1060 |  15.2 |      24 |       2 |   7.7
     Lair:5 |    2678 |    1548 |  36.6 |      11 |       7 |  38.9
     Bailey |       0 |     861 | 100.0 |       0 |      32 | 100.0
            +---------+---------+-------+---------+---------+-------
